Minnesota North Stars vs New York Rangers
Created - Sunday, July 16, 2023 at 07:18
Goals
|
| Minnesota North Stars |
0 |
2 |
1 |
1 |
4 |
| New York Rangers |
0 |
1 |
2 |
0 |
3 |
|
Shots
|
| Minnesota North Stars |
6 |
17 |
13 |
3 |
39 |
| New York Rangers |
5 |
10 |
20 |
4 |
39 |
|
1st period
No Goal
Penalties :
Pierre-Luc Dubois (NYR) for Tripping (Minor) at 14:08, Patrice Bergeron (NYR) for High sticking (Minor) at 17:43
2nd period
1. Minnesota North Stars , Evgeni Malkin 8 (Jack Hughes 11, Rasmus Dahlin 8) at 7:06 (PP)
2. New York Rangers , Blake Wheeler 3 (Pierre-Luc Dubois 3, Tyler Motte 5) at 9:30
3. Minnesota North Stars , Evgeni Malkin 9 (Anthony Duclair 5) at 14:18
Penalties :
Conor Garland (NYR) for High sticking (Minor) at 5:42, Conor Garland (NYR) for Tripping (Minor) at 17:15
3rd period
4. New York Rangers , Eric Robinson 5 (Tyler Motte 6) at 0:33
5. Minnesota North Stars , Jack Hughes 7 (Evgeni Malkin 7) at 16:39
6. New York Rangers , Adam Larsson 1 (Mikael Granlund 8, Nathan MacKinnon 11) at 19:22
Penalties :
No Penalty
Overtime #1
7. Minnesota North Stars , Viktor Arvidsson 6 (Gustav Nyquist 7) at 3:55
Penalties :
No Penalty
Goalie Stats
Brian Elliott (MNS), 36 saves from 39 shots - (0.923), W, 9-5-2, 63:55 minutes
Igor Shesterkin (NYR), 35 saves from 39 shots - (0.897), OTL, 9-4-2, 63:35 minutes
Players Stats for Minnesota North Stars
Player Name G A P +/- PIM S H SB GA TA FO MP PP MP PK MP
------------------------------------------------------------------------------------
Adam Lowry 0 0 0 0 0 0 3 0 1 2 8/14 16:21 0:00 0:00
Alex Goligoski 0 0 0 -1 0 1 0 2 1 0 0/0 18:47 3:12 0:00
Andrew Poturalski 0 0 0 -1 0 0 0 1 0 0 1/2 8:26 0:00 0:00
Anthony Duclair 0 1 1 1 0 5 2 1 0 0 1/2 20:06 3:58 0:00
Conor Sheary 0 0 0 -1 0 2 1 0 1 0 0/0 8:26 0:00 0:00
Evgeni Malkin 2 1 3 0 0 8 0 0 1 0 13/22 20:40 3:58 0:00
Gustav Forsling 0 0 0 1 0 2 0 2 1 1 0/0 28:21 4:09 0:00
Gustav Nyquist 0 1 1 1 0 2 1 0 0 2 1/2 15:47 0:00 0:00
Jack Hughes 1 1 2 1 0 3 0 0 2 0 1/1 20:06 3:58 0:00
Jamie Oleksiak 0 0 0 -1 0 0 2 1 0 3 0/0 15:39 0:00 0:00
Jeff Skinner 0 0 0 0 0 2 1 0 0 0 0/0 19:02 3:23 0:00
Jonathan Toews 0 0 0 -1 0 4 2 1 1 0 11/23 19:36 3:23 0:00
Neal Pionk 0 0 0 0 0 0 0 1 0 0 0/0 19:55 3:12 0:00
Nino Niederreiter 0 0 0 -1 0 0 0 0 0 1 1/1 8:26 0:00 0:00
Rasmus Dahlin 0 1 1 2 0 2 1 2 0 2 0/0 27:47 4:09 0:00
Viktor Arvidsson 1 0 1 1 0 6 0 0 1 0 0/0 15:47 0:00 0:00
Yegor Sharangovich 0 0 0 0 0 1 3 0 0 0 0/1 19:02 3:23 0:00
Zdeno Chara 0 0 0 -1 0 1 2 2 0 1 0/0 17:21 0:00 0:00
Players Stats for New York Rangers
Player Name G A P +/- PIM S H SB GA TA FO MP PP MP PK MP
------------------------------------------------------------------------------------
Adam Larsson 1 0 1 1 0 3 3 2 0 1 0/0 28:33 0:00 3:49
Andre Burakovsky 0 0 0 1 0 4 1 1 2 0 0/0 16:09 0:00 0:00
Blake Wheeler 1 0 1 2 0 5 2 0 0 0 0/0 16:43 0:00 0:00
Cam Fowler 0 0 0 1 0 1 0 1 0 1 0/0 28:33 0:00 3:49
Cole Caufield 0 0 0 -3 0 3 1 1 1 0 2/3 14:43 0:00 0:00
Conor Garland 0 0 0 -3 4 2 2 0 0 0 2/2 15:36 0:00 0:44
David Kampf 0 0 0 1 0 1 0 0 0 0 2/6 11:56 0:00 3:37
Dmitry Kulikov 0 0 0 0 0 0 0 0 0 1 0/0 17:39 0:00 3:32
Eric Robinson 1 0 1 1 0 3 1 0 0 0 0/0 11:56 0:00 3:37
Jake McCabe 0 0 0 -1 0 3 0 1 0 0 0/0 21:19 0:00 3:32
Mark Giordano 0 0 0 -1 0 1 1 2 0 0 0/0 17:43 0:00 0:00
Mikael Granlund 0 1 1 1 0 2 2 0 0 3 0/0 20:48 0:00 3:30
Nathan MacKinnon 0 1 1 1 0 4 3 0 3 0 1/4 17:11 0:00 0:00
Patrice Bergeron 0 0 0 0 2 2 2 2 1 0 12/25 19:16 0:00 2:32
Pierre-Luc Dubois 0 1 1 1 2 1 2 0 3 0 6/11 16:44 0:00 0:31
Ryan Lindgren 0 0 0 0 0 1 2 0 0 2 0/0 14:03 0:00 0:00
T.J. Oshie 0 0 0 -3 0 1 1 0 1 0 6/17 14:43 0:00 0:00
Tyler Motte 0 2 2 1 0 2 0 0 1 1 0/0 8:35 0:00 0:11
3 Stars
1 - Evgeni Malkin (MNS)
2 - Jack Hughes (MNS)
3 - Blake Wheeler (NYR)
Power Play
Minnesota North Stars - 1 on 4 Attempt(s) - 25.00%
New York Rangers - 0 on 0 Attempt(s) - 0.00%
Penalty Kill
Minnesota North Stars - 0 on 0 Attempt(s) - 0.00%
- Score 0 goal in Penalty Kill
New York Rangers - 3 on 4 Attempt(s) - 75.00%
- Score 0 goal in Penalty Kill
Team Stat
Minnesota North Stars - Hits : 18 - Faceoff Wins : 37 - Blocked Shots : 13 - Penalty Minutes : 0
New York Rangers - Hits : 23 - Faceoff Wins : 31 - Blocked Shots : 10 - Penalty Minutes : 8
Official
Referees : Tom Kowal and Wes McCauley
Linesman : Andy McElman and Don Henderson
Game Notes
No Game Note
Finance
Level 1 -- Attendance: 6000 (100.00%) -- Ticket Income $612,000
Level 2 -- Attendance: 5000 (100.00%) -- Ticket Income $315,000
Level 3 -- Attendance: 3000 (100.00%) -- Ticket Income $123,000
Level 4 -- Attendance: 4776 (95.52%) -- Ticket Income $133,728
Luxury Box -- Attendance: 1000 (100.00%) -- Ticket Income $195,000
Game was played at the Madison Square Garden.
Total Attendance: 19776 (98.88%)
Total Ticket Income: $1,378,728
Other Income: $482,555
Total Income: $1,861,283
Minnesota North Stars
5 vs 5 Forward
Center Left Wing Right Wing Time % Phy DF OF
1 Evgeni Malkin Jack Hughes Anthony Duclair 32 1 2 2
2 Jonathan Toews Jeff Skinner Yegor Sharangovich 32 1 2 2
3 Adam Lowry Gustav Nyquist Viktor Arvidsson 31 1 2 2
4 Andrew Poturalski Nino Niederreiter Conor Sheary 5 1 2 2
5 vs 5 Defense
Defense Defense Time % Phy DF OF
1 Rasmus Dahlin Gustav Forsling 30 1 2 2
2 Neal Pionk Zdeno Chara 30 1 2 2
3 Jamie Oleksiak Alex Goligoski 25 1 2 2
4 Rasmus Dahlin Gustav Forsling 15 1 2 2
PowerPlay Forward
Center Left Wing Right Wing Time % Phy DF OF
1 Evgeni Malkin Jack Hughes Anthony Duclair 50 1 2 2
2 Jonathan Toews Jeff Skinner Yegor Sharangovich 50 1 2 2
PowerPlay Defense
Defense Defense Time % Phy DF OF
1 Rasmus Dahlin Gustav Forsling 50 1 2 2
2 Neal Pionk Alex Goligoski 50 1 2 2
Penalty Kill 4 Players Forward
Center Wing Time % Phy DF OF
1 Jonathan Toews Evgeni Malkin 50 1 2 2
2 Adam Lowry Jack Hughes 50 1 2 2
Penalty Kill 4 Players Defense
Defense Defense Time % Phy DF OF
1 Rasmus Dahlin Gustav Forsling 50 1 2 2
2 Jamie Oleksiak Zdeno Chara 50 1 2 2
Penalty Kill - 3 Players Forward
Forward Time % Phy DF OF
1 Evgeni Malkin 50 1 2 2
2 Jonathan Toews 50 1 2 2
Penalty Kill - 3 Players Defense
Defense Defense Time % Phy DF OF
1 Rasmus Dahlin Gustav Forsling 50 1 2 2
2 Jamie Oleksiak Zdeno Chara 50 1 2 2
4 vs 4 Forward
Center Wing Time % Phy DF OF
1 Evgeni Malkin Jack Hughes 50 1 2 2
2 Jonathan Toews Jeff Skinner 50 1 2 2
4 vs 4 Defense
Defense Defense Time % Phy DF OF
1 Rasmus Dahlin Gustav Forsling 50 1 2 2
2 Neal Pionk Zdeno Chara 50 1 2 2
Last Minutes Offensive
Center Left Wing Right Wing Defense Defense
Jonathan Toews Jack Hughes Evgeni Malkin Rasmus Dahlin Neal Pionk
Last Minutes Defensive
Center Left Wing Right Wing Defense Defense
Jonathan Toews Adam Lowry Evgeni Malkin Gustav Forsling Zdeno Chara
Goaltenders
Starting : Brian Elliott
Backup : Antti Raanta
Extra Forwards
Normal : Evgeni Malkin, Jeff Skinner, Yegor Sharangovich - PP : Jack Hughes, Jeff Skinner - PK : Jonathan Toews
Extra Defensemen
Normal : Jamie Oleksiak, Gustav Forsling, Neal Pionk - PP : Gustav Forsling - PK : Gustav Forsling, Neal Pionk
Penalty Shots
Alex Goligoski, Anthony Duclair, Neal Pionk, Jack Hughes, Yegor Sharangovich
New York Rangers
5 vs 5 Forward
Center Left Wing Right Wing Time % Phy DF OF
1 Patrice Bergeron Mikael Granlund Nathan MacKinnon 30 1 2 2
2 Pierre-Luc Dubois Andre Burakovsky Blake Wheeler 30 1 2 2
3 T.J. Oshie Conor Garland Cole Caufield 25 1 2 2
4 David Kampf Eric Robinson Tyler Motte 15 1 2 2
5 vs 5 Defense
Defense Defense Time % Phy DF OF
1 Cam Fowler Adam Larsson 30 1 2 2
2 Mark Giordano Jake McCabe 30 1 2 2
3 Ryan Lindgren Dmitry Kulikov 25 1 2 2
4 Cam Fowler Adam Larsson 15 1 2 2
PowerPlay Forward
Center Left Wing Right Wing Time % Phy DF OF
1 Patrice Bergeron Blake Wheeler Nathan MacKinnon 50 1 2 2
2 Mikael Granlund Andre Burakovsky Cole Caufield 50 1 2 2
PowerPlay Defense
Defense Defense Time % Phy DF OF
1 Cam Fowler Pierre-Luc Dubois 50 1 2 2
2 Mark Giordano T.J. Oshie 50 1 2 2
Penalty Kill 4 Players Forward
Center Wing Time % Phy DF OF
1 Patrice Bergeron Mikael Granlund 50 1 2 2
2 David Kampf Eric Robinson 50 1 2 2
Penalty Kill 4 Players Defense
Defense Defense Time % Phy DF OF
1 Cam Fowler Adam Larsson 50 1 2 2
2 Jake McCabe Dmitry Kulikov 50 1 2 2
Penalty Kill - 3 Players Forward
Forward Time % Phy DF OF
1 Nathan MacKinnon 50 1 2 2
2 Patrice Bergeron 50 1 2 2
Penalty Kill - 3 Players Defense
Defense Defense Time % Phy DF OF
1 Cam Fowler Adam Larsson 50 1 2 2
2 Jake McCabe Dmitry Kulikov 50 1 2 2
4 vs 4 Forward
Center Wing Time % Phy DF OF
1 Nathan MacKinnon Patrice Bergeron 50 1 2 2
2 Mikael Granlund Blake Wheeler 50 1 2 2
4 vs 4 Defense
Defense Defense Time % Phy DF OF
1 Cam Fowler Adam Larsson 50 1 2 2
2 Mark Giordano Dmitry Kulikov 50 1 2 2
Last Minutes Offensive
Center Left Wing Right Wing Defense Defense
Nathan MacKinnon Mikael Granlund Blake Wheeler Cam Fowler Adam Larsson
Last Minutes Defensive
Center Left Wing Right Wing Defense Defense
Nathan MacKinnon Mikael Granlund Blake Wheeler Cam Fowler Adam Larsson
Goaltenders
Starting : Igor Shesterkin
Backup : Tristan Jarry
Extra Forwards
Normal : Tyler Motte, Andre Burakovsky, Conor Garland - PP : Tyler Motte, Andre Burakovsky - PK : Conor Garland
Extra Defensemen
Normal : Dmitry Kulikov, Jake McCabe, Mark Giordano - PP : Dmitry Kulikov - PK : Jake McCabe, Mark Giordano
Penalty Shots
Nathan MacKinnon, Patrice Bergeron, Mikael Granlund, Blake Wheeler, Pierre-Luc Dubois
% Time on Ice - Minnesota North Stars
Lines # - Real PCT - Wanted PCT - Time Play
Normal Forward
1 - 29% - 32% - 16:08
2 - 28% - 32% - 15:39
3 - 28% - 31% - 15:47
4 - 15% - 5% - 8:26
Normal Defense
1 - 30% - 30% - 16:41
2 - 31% - 30% - 17:37
3 - 26% - 25% - 14:45
4 - 12% - 15% - 6:57
PP Forward
1 - 54% - 50% - 3:58
2 - 46% - 50% - 3:23
PP Defense
1 - 56% - 50% - 4:09
2 - 44% - 50% - 3:12
PK Forward
1 - 0% - 50%
2 - 0% - 50%
PK Defense
1 - 0% - 50%
2 - 0% - 50%
PK3 Forward
1 - 0% - 50%
2 - 0% - 50%
PK3 Defense
1 - 0% - 50%
2 - 0% - 50%
44 Forward
1 - 0% - 50%
2 - 0% - 50%
44 Defense
1 - 0% - 50%
2 - 0% - 50%
Last Minute Offensive - 0:00
Last Minute Defensive - 0:34
Total
Forward - 63:55
Defense - 63:55
|
% Time on Ice - New York Rangers
Lines # - Real PCT - Wanted PCT - Time Play
Normal Forward
1 - 30% - 30% - 16:49
2 - 29% - 30% - 16:09
3 - 26% - 25% - 14:43
4 - 15% - 15% - 8:19
Normal Defense
1 - 30% - 30% - 16:42
2 - 32% - 30% - 17:47
3 - 25% - 25% - 14:03
4 - 13% - 15% - 7:28
PP Forward
1 - 0% - 50%
2 - 0% - 50%
PP Defense
1 - 0% - 50%
2 - 0% - 50%
PK Forward
1 - 51% - 50% - 3:44
2 - 49% - 50% - 3:37
PK Defense
1 - 52% - 50% - 3:49
2 - 48% - 50% - 3:32
PK3 Forward
1 - 0% - 50%
2 - 0% - 50%
PK3 Defense
1 - 0% - 50%
2 - 0% - 50%
44 Forward
1 - 0% - 50%
2 - 0% - 50%
44 Defense
1 - 0% - 50%
2 - 0% - 50%
Last Minute Offensive - 0:34
Last Minute Defensive - 0:00
Total
Forward - 63:55
Defense - 63:55
|
Play-by-Play
1st period
0:01 of 1st period - Nathan MacKinnon wins face-off versus Evgeni Malkin in neutral zone.
0:47 of 1st period - T.J. Oshie is hit by Adam Lowry and loses puck.
1:27 of 1st period - Slapshot by Evgeni Malkin.
1:27 of 1st period - Stopped by Igor Shesterkin without a rebound.
1:28 of 1st period - Evgeni Malkin wins face-off versus Patrice Bergeron in New York Rangers zone.
2:24 of 1st period - Slapshot by Blake Wheeler.
2:24 of 1st period - Shot Blocked by Neal Pionk.
2:26 of 1st period - Snap shot by Jake McCabe.
2:26 of 1st period - Deflect By Blake Wheeler.
2:26 of 1st period - Shot Misses the Net.
2:26 of 1st period - Puck is out of play.
2:27 of 1st period - Jonathan Toews wins face-off versus T.J. Oshie in Minnesota North Stars zone.
2:27 of 1st period - Jonathan Toews is hit by Ryan Lindgren.
3:18 of 1st period - Anthony Duclair is hit by Adam Larsson and loses puck.
3:38 of 1st period - Icing by Neal Pionk.
3:39 of 1st period - Andrew Poturalski wins face-off versus Patrice Bergeron in Minnesota North Stars zone.
3:39 of 1st period - Andrew Poturalski is hit by Ryan Lindgren.
3:55 of 1st period - Wrist shot by Nathan MacKinnon.
3:55 of 1st period - Shot Misses the Net.
4:13 of 1st period - Snap shot by Pierre-Luc Dubois.
4:13 of 1st period - Shot Misses the Net.
4:15 of 1st period - Slapshot by Dmitry Kulikov.
4:15 of 1st period - Shot Misses the Net.
4:33 of 1st period - Slapshot by Mark Giordano.
4:33 of 1st period - Shot Misses the Net.
4:35 of 1st period - Slapshot by Jake McCabe.
4:35 of 1st period - Stopped by Brian Elliott with a rebound.
4:37 of 1st period - Wrist shot by Jake McCabe.
4:37 of 1st period - Stopped by Brian Elliott with a rebound.
5:17 of 1st period - Snap shot by Nathan MacKinnon.
5:17 of 1st period - Shot Blocked by Zdeno Chara.
5:27 of 1st period - Neal Pionk is hit by Andre Burakovsky and loses puck.
5:38 of 1st period - Wrist shot by Blake Wheeler.
5:38 of 1st period - Shot Misses the Net.
6:11 of 1st period - Wrist shot by Viktor Arvidsson.
6:11 of 1st period - Shot Misses the Net.
6:17 of 1st period - Adam Lowry is hit by Adam Larsson and loses puck.
7:21 of 1st period - Slapshot by Jonathan Toews.
7:21 of 1st period - Stopped by Igor Shesterkin without a rebound.
7:22 of 1st period - Cole Caufield wins face-off versus Adam Lowry in New York Rangers zone.
8:26 of 1st period - Wrist shot by Cole Caufield.
8:26 of 1st period - Stopped by Brian Elliott without a rebound.
8:27 of 1st period - Patrice Bergeron wins face-off versus Evgeni Malkin in Minnesota North Stars zone.
8:36 of 1st period - Slapshot by Nathan MacKinnon.
8:36 of 1st period - Shot Blocked by Jamie Oleksiak.
9:17 of 1st period - Wrist shot by Eric Robinson.
9:17 of 1st period - Stopped by Brian Elliott with a rebound.
9:39 of 1st period - Wrist shot by Evgeni Malkin.
9:39 of 1st period - Stopped by Igor Shesterkin with a rebound.
9:41 of 1st period - Snap shot by Alex Goligoski.
9:41 of 1st period - Shot Blocked by Patrice Bergeron.
10:17 of 1st period - Eric Robinson is hit by Conor Sheary and loses puck.
11:10 of 1st period - Gustav Forsling is hit by Blake Wheeler and loses puck.
11:17 of 1st period - Wrist shot by Blake Wheeler.
11:17 of 1st period - Stopped by Brian Elliott without a rebound.
11:18 of 1st period - Jonathan Toews wins face-off versus Patrice Bergeron in Minnesota North Stars zone.
11:25 of 1st period - Snap shot by Yegor Sharangovich.
11:25 of 1st period - Shot Misses the Net.
11:27 of 1st period - Slapshot by Zdeno Chara.
11:27 of 1st period - Stopped by Igor Shesterkin without a rebound.
11:28 of 1st period - Jonathan Toews wins face-off versus Patrice Bergeron in New York Rangers zone.
11:36 of 1st period - Off-side.
11:37 of 1st period - Pierre-Luc Dubois wins face-off versus Evgeni Malkin in neutral zone.
12:44 of 1st period - Rasmus Dahlin is hit by Eric Robinson and loses puck.
13:27 of 1st period - Gustav Nyquist is hit by Nathan MacKinnon and loses puck.
13:54 of 1st period - Adam Larsson is hit by Zdeno Chara and loses puck.
14:08 of 1st period - Minor Penalty to Pierre-Luc Dubois for Tripping.
14:09 of 1st period - Evgeni Malkin wins face-off versus Patrice Bergeron in New York Rangers zone.
14:09 of 1st period - Snap shot by Jack Hughes.
14:09 of 1st period - Stopped by Igor Shesterkin with a rebound.
16:08 of 1st period - Penalty to Pierre-Luc Dubois is over, Pierre-Luc Dubois is back on ice.
16:26 of 1st period - Adam Larsson is hit by Gustav Nyquist and loses puck.
16:45 of 1st period - Wrist shot by Conor Sheary.
16:45 of 1st period - Shot Blocked by Jake McCabe.
16:51 of 1st period - Nino Niederreiter is hit by Mark Giordano.
17:08 of 1st period - Conor Sheary is hit by Pierre-Luc Dubois and loses puck.
17:29 of 1st period - Snap shot by Conor Sheary.
17:29 of 1st period - Stopped by Igor Shesterkin without a rebound.
17:30 of 1st period - Patrice Bergeron wins face-off versus Evgeni Malkin in New York Rangers zone.
17:30 of 1st period - Patrice Bergeron is hit by Anthony Duclair.
17:38 of 1st period - Slapshot by Patrice Bergeron.
17:38 of 1st period - Shot Misses the Net.
17:43 of 1st period - Minor Penalty to Patrice Bergeron for High sticking.
17:44 of 1st period - Jonathan Toews wins face-off versus David Kampf in New York Rangers zone.
18:25 of 1st period - Rasmus Dahlin is hit by Mikael Granlund and loses puck.
19:18 of 1st period - Evgeni Malkin is hit by Mikael Granlund and loses puck.
19:43 of 1st period - Penalty to Patrice Bergeron is over, Patrice Bergeron is back on ice.
Goals for this period are 0 for Minnesota North Stars vs 0 for New York Rangers.
Shots for this period are 6 for Minnesota North Stars vs 5 for New York Rangers.
2nd period
0:01 of 2nd period - Jonathan Toews wins face-off versus Patrice Bergeron in neutral zone.
0:25 of 2nd period - Rasmus Dahlin is hit by Blake Wheeler.
0:50 of 2nd period - Snap shot by Viktor Arvidsson.
0:50 of 2nd period - Stopped by Igor Shesterkin without a rebound.
0:51 of 2nd period - Patrice Bergeron wins face-off versus Adam Lowry in New York Rangers zone.
1:06 of 2nd period - Snap shot by Viktor Arvidsson.
1:06 of 2nd period - Shot Misses the Net.
1:18 of 2nd period - Mark Giordano is hit by Jeff Skinner and loses puck.
2:23 of 2nd period - Snap shot by Jonathan Toews.
2:23 of 2nd period - Stopped by Igor Shesterkin without a rebound.
2:24 of 2nd period - Patrice Bergeron wins face-off versus Jonathan Toews in New York Rangers zone.
2:32 of 2nd period - Off-side.
2:33 of 2nd period - Jonathan Toews wins face-off versus Nathan MacKinnon in neutral zone.
3:06 of 2nd period - Wrist shot by Pierre-Luc Dubois.
3:06 of 2nd period - Deflect By Andre Burakovsky.
3:06 of 2nd period - Stopped by Brian Elliott with a rebound.
3:32 of 2nd period - Snap shot by Jonathan Toews.
3:32 of 2nd period - Stopped by Igor Shesterkin without a rebound.
3:33 of 2nd period - Patrice Bergeron wins face-off versus Evgeni Malkin in New York Rangers zone.
3:46 of 2nd period - Icing by Nathan MacKinnon.
3:47 of 2nd period - Evgeni Malkin wins face-off versus Patrice Bergeron in New York Rangers zone.
4:12 of 2nd period - Nathan MacKinnon is hit by Adam Lowry and loses puck.
4:19 of 2nd period - Wrist shot by Gustav Nyquist.
4:19 of 2nd period - Shot Misses the Net.
4:31 of 2nd period - Snap shot by Patrice Bergeron.
4:31 of 2nd period - Shot Blocked by Zdeno Chara.
4:33 of 2nd period - Snap shot by Nathan MacKinnon.
4:33 of 2nd period - Shot Misses the Net.
4:35 of 2nd period - Slapshot by Cam Fowler.
4:35 of 2nd period - Stopped by Brian Elliott without a rebound.
4:36 of 2nd period - T.J. Oshie wins face-off versus Evgeni Malkin in Minnesota North Stars zone.
4:39 of 2nd period - Snap shot by T.J. Oshie.
4:39 of 2nd period - Shot Blocked by Gustav Forsling.
4:41 of 2nd period - Slapshot by Jake McCabe.
4:41 of 2nd period - Stopped by Brian Elliott without a rebound.
4:42 of 2nd period - Cole Caufield wins face-off versus Evgeni Malkin in Minnesota North Stars zone.
4:53 of 2nd period - Slapshot by Cole Caufield.
4:53 of 2nd period - Deflect By T.J. Oshie.
4:53 of 2nd period - Stopped by Brian Elliott with a rebound.
4:55 of 2nd period - Slapshot by Cole Caufield.
4:55 of 2nd period - Shot Misses the Net.
4:57 of 2nd period - Slapshot by Mark Giordano.
4:57 of 2nd period - Stopped by Brian Elliott with a rebound.
5:07 of 2nd period - Wrist shot by Viktor Arvidsson.
5:07 of 2nd period - Shot Blocked by Andre Burakovsky.
5:09 of 2nd period - Slapshot by Rasmus Dahlin.
5:09 of 2nd period - Stopped by Igor Shesterkin with a rebound.
5:11 of 2nd period - Slapshot by Gustav Forsling.
5:11 of 2nd period - Stopped by Igor Shesterkin without a rebound.
5:12 of 2nd period - Adam Lowry wins face-off versus Patrice Bergeron in New York Rangers zone.
5:31 of 2nd period - Gustav Nyquist is hit by Adam Larsson.
5:42 of 2nd period - Minor Penalty to Conor Garland for High sticking.
5:43 of 2nd period - Evgeni Malkin wins face-off versus David Kampf in New York Rangers zone.
5:47 of 2nd period - Wrist shot by Jack Hughes.
5:47 of 2nd period - Stopped by Igor Shesterkin without a rebound.
5:48 of 2nd period - Evgeni Malkin wins face-off versus David Kampf in New York Rangers zone.
6:04 of 2nd period - Off-side.
6:05 of 2nd period - Patrice Bergeron wins face-off versus Jonathan Toews in neutral zone.
7:06 of 2nd period - Slapshot by Evgeni Malkin.
7:06 of 2nd period - Goal by Evgeni Malkin - Minnesota North Stars : 1 - New York Rangers : 0.
7:07 of 2nd period - T.J. Oshie wins face-off versus Jonathan Toews in neutral zone.
7:16 of 2nd period - Backhand shot by Cole Caufield.
7:16 of 2nd period - Stopped by Brian Elliott without a rebound.
7:17 of 2nd period - T.J. Oshie wins face-off versus Jonathan Toews in Minnesota North Stars zone.
7:18 of 2nd period - Wrist shot by Conor Garland.
7:18 of 2nd period - Shot Blocked by Alex Goligoski.
7:30 of 2nd period - Adam Larsson is hit by Jamie Oleksiak and loses puck.
7:43 of 2nd period - Wrist shot by Jonathan Toews.
7:43 of 2nd period - Shot Misses the Net.
7:45 of 2nd period - Slapshot by Alex Goligoski.
7:45 of 2nd period - Stopped by Igor Shesterkin without a rebound.
7:46 of 2nd period - Evgeni Malkin wins face-off versus Pierre-Luc Dubois in New York Rangers zone.
7:51 of 2nd period - Slapshot by Evgeni Malkin.
7:51 of 2nd period - Shot Misses the Net.
8:03 of 2nd period - Wrist shot by Evgeni Malkin.
8:03 of 2nd period - Shot Misses the Net.
8:15 of 2nd period - Slapshot by Viktor Arvidsson.
8:15 of 2nd period - Stopped by Igor Shesterkin without a rebound.
8:16 of 2nd period - Adam Lowry wins face-off versus Patrice Bergeron in New York Rangers zone.
8:17 of 2nd period - Snap shot by Viktor Arvidsson.
8:17 of 2nd period - Shot Misses the Net.
8:25 of 2nd period - Snap shot by Nathan MacKinnon.
8:25 of 2nd period - Shot Misses the Net.
8:27 of 2nd period - Snap shot by Nathan MacKinnon.
8:27 of 2nd period - Deflect By Patrice Bergeron.
8:27 of 2nd period - Deflect By Viktor Arvidsson.
8:27 of 2nd period - Stopped by Brian Elliott with a rebound.
8:43 of 2nd period - Anthony Duclair is hit by Conor Garland and loses puck.
8:52 of 2nd period - Cole Caufield is hit by Rasmus Dahlin and loses puck.
9:09 of 2nd period - Snap shot by Tyler Motte.
9:09 of 2nd period - Shot Blocked by Jonathan Toews.
9:15 of 2nd period - Cam Fowler is hit by Yegor Sharangovich and loses puck.
9:30 of 2nd period - Backhand shot by Blake Wheeler.
9:30 of 2nd period - Goal by Blake Wheeler - Minnesota North Stars : 1 - New York Rangers : 1.
9:31 of 2nd period - Evgeni Malkin wins face-off versus Patrice Bergeron in neutral zone.
10:00 of 2nd period - Snap shot by Blake Wheeler.
10:00 of 2nd period - Shot Misses the Net.
10:22 of 2nd period - Slapshot by Jeff Skinner.
10:22 of 2nd period - Stopped by Igor Shesterkin with a rebound.
10:24 of 2nd period - Wrist shot by Jonathan Toews.
10:24 of 2nd period - Deflect By Yegor Sharangovich.
10:24 of 2nd period - Stopped by Igor Shesterkin with a rebound.
10:26 of 2nd period - Slapshot by Gustav Forsling.
10:26 of 2nd period - Shot Misses the Net.
10:28 of 2nd period - Slapshot by Rasmus Dahlin.
10:28 of 2nd period - Shot Misses the Net.
10:30 of 2nd period - Slapshot by Yegor Sharangovich.
10:30 of 2nd period - Shot Misses the Net.
11:06 of 2nd period - Snap shot by Anthony Duclair.
11:06 of 2nd period - Stopped by Igor Shesterkin without a rebound.
11:07 of 2nd period - Adam Lowry wins face-off versus Pierre-Luc Dubois in New York Rangers zone.
11:21 of 2nd period - Wrist shot by Viktor Arvidsson.
11:21 of 2nd period - Stopped by Igor Shesterkin with a rebound.
11:23 of 2nd period - Snap shot by Adam Lowry.
11:23 of 2nd period - Deflect By Viktor Arvidsson.
11:23 of 2nd period - Stopped by Igor Shesterkin with a rebound.
11:33 of 2nd period - Andre Burakovsky is hit by Jonathan Toews and loses puck.
11:38 of 2nd period - Wrist shot by Jeff Skinner.
11:38 of 2nd period - Stopped by Igor Shesterkin with a rebound.
12:09 of 2nd period - Wrist shot by Pierre-Luc Dubois.
12:09 of 2nd period - Shot Blocked by Anthony Duclair.
13:21 of 2nd period - Wrist shot by Mikael Granlund.
13:21 of 2nd period - Shot Blocked by Alex Goligoski.
13:45 of 2nd period - Slapshot by Viktor Arvidsson.
13:45 of 2nd period - Shot Blocked by Cole Caufield.
13:47 of 2nd period - Slapshot by Neal Pionk.
13:47 of 2nd period - Deflect By Gustav Nyquist.
13:47 of 2nd period - Shot Misses the Net.
13:47 of 2nd period - Puck is out of play.
13:48 of 2nd period - Adam Lowry wins face-off versus T.J. Oshie in New York Rangers zone.
13:55 of 2nd period - Snap shot by Conor Garland.
13:55 of 2nd period - Stopped by Brian Elliott without a rebound.
13:56 of 2nd period - Patrice Bergeron wins face-off versus Jonathan Toews in Minnesota North Stars zone.
13:57 of 2nd period - Wrist shot by Mikael Granlund.
13:57 of 2nd period - Stopped by Brian Elliott without a rebound.
13:58 of 2nd period - Patrice Bergeron wins face-off versus Jonathan Toews in Minnesota North Stars zone.
14:14 of 2nd period - Off-side.
14:15 of 2nd period - Evgeni Malkin wins face-off versus Cole Caufield in neutral zone.
14:18 of 2nd period - Wrist shot by Evgeni Malkin.
14:18 of 2nd period - Goal by Evgeni Malkin - Minnesota North Stars : 2 - New York Rangers : 1.
14:19 of 2nd period - Anthony Duclair wins face-off versus T.J. Oshie in neutral zone.
16:48 of 2nd period - Wrist shot by Tyler Motte.
16:48 of 2nd period - Deflect By Eric Robinson.
16:48 of 2nd period - Shot Blocked by Andrew Poturalski.
16:48 of 2nd period - Puck is out of play.
16:49 of 2nd period - Jonathan Toews wins face-off versus T.J. Oshie in Minnesota North Stars zone.
16:49 of 2nd period - Jonathan Toews is hit by Conor Garland.
17:06 of 2nd period - Jonathan Toews is hit by T.J. Oshie and loses puck.
17:15 of 2nd period - Minor Penalty to Conor Garland for Tripping.
17:16 of 2nd period - David Kampf wins face-off versus Yegor Sharangovich in New York Rangers zone.
19:15 of 2nd period - Penalty to Conor Garland is over, Conor Garland is back on ice.
19:53 of 2nd period - Snap shot by Conor Sheary.
19:53 of 2nd period - Stopped by Igor Shesterkin without a rebound.
19:54 of 2nd period - Nino Niederreiter wins face-off versus T.J. Oshie in New York Rangers zone.
Goals for this period are 2 for Minnesota North Stars vs 1 for New York Rangers.
Shots for this period are 17 for Minnesota North Stars vs 10 for New York Rangers.
3rd period
0:01 of 3rd period - Jack Hughes wins face-off versus Patrice Bergeron in neutral zone.
0:33 of 3rd period - Slapshot by Eric Robinson.
0:33 of 3rd period - Goal by Eric Robinson - Minnesota North Stars : 2 - New York Rangers : 2.
0:34 of 3rd period - Patrice Bergeron wins face-off versus Jonathan Toews in neutral zone.
1:35 of 3rd period - Wrist shot by Jack Hughes.
1:35 of 3rd period - Shot Misses the Net.
2:07 of 3rd period - Jeff Skinner is hit by Patrice Bergeron and loses puck.
2:56 of 3rd period - Snap shot by Tyler Motte.
2:56 of 3rd period - Stopped by Brian Elliott without a rebound.
2:57 of 3rd period - Jonathan Toews wins face-off versus Patrice Bergeron in Minnesota North Stars zone.
2:57 of 3rd period - Jonathan Toews is hit by Nathan MacKinnon.
3:05 of 3rd period - Nathan MacKinnon is hit by Jamie Oleksiak and loses puck.
3:29 of 3rd period - Wrist shot by Anthony Duclair.
3:29 of 3rd period - Stopped by Igor Shesterkin with a rebound.
3:31 of 3rd period - Wrist shot by Anthony Duclair.
3:31 of 3rd period - Stopped by Igor Shesterkin with a rebound.
3:33 of 3rd period - Slapshot by Gustav Forsling.
3:33 of 3rd period - Stopped by Igor Shesterkin without a rebound.
3:34 of 3rd period - Evgeni Malkin wins face-off versus Pierre-Luc Dubois in New York Rangers zone.
3:37 of 3rd period - Backhand shot by Anthony Duclair.
3:37 of 3rd period - Stopped by Igor Shesterkin with a rebound.
3:44 of 3rd period - Off-side.
3:45 of 3rd period - Adam Lowry wins face-off versus Nathan MacKinnon in neutral zone.
3:48 of 3rd period - Wrist shot by Gustav Nyquist.
3:48 of 3rd period - Stopped by Igor Shesterkin without a rebound.
3:49 of 3rd period - Patrice Bergeron wins face-off versus Adam Lowry in New York Rangers zone.
4:14 of 3rd period - Snap shot by Jeff Skinner.
4:14 of 3rd period - Shot Blocked by Patrice Bergeron.
4:16 of 3rd period - Snap shot by Jonathan Toews.
4:16 of 3rd period - Shot Blocked by Cam Fowler.
4:18 of 3rd period - Wrist shot by Jonathan Toews.
4:18 of 3rd period - Deflect By Yegor Sharangovich.
4:18 of 3rd period - Shot Blocked by Adam Larsson.
4:18 of 3rd period - Puck is out of play.
4:19 of 3rd period - Jonathan Toews wins face-off versus T.J. Oshie in New York Rangers zone.
4:57 of 3rd period - Snap shot by Jack Hughes.
4:57 of 3rd period - Shot Blocked by Adam Larsson.
5:17 of 3rd period - Snap shot by Mikael Granlund.
5:17 of 3rd period - Shot Misses the Net.
5:19 of 3rd period - Slapshot by Patrice Bergeron.
5:19 of 3rd period - Stopped by Brian Elliott without a rebound.
5:20 of 3rd period - Adam Lowry wins face-off versus T.J. Oshie in Minnesota North Stars zone.
6:14 of 3rd period - Icing by Gustav Forsling.
6:15 of 3rd period - Pierre-Luc Dubois wins face-off versus Jonathan Toews in Minnesota North Stars zone.
6:16 of 3rd period - Snap shot by Blake Wheeler.
6:16 of 3rd period - Stopped by Brian Elliott with a rebound.
6:18 of 3rd period - Snap shot by Pierre-Luc Dubois.
6:18 of 3rd period - Shot Misses the Net.
6:20 of 3rd period - Wrist shot by Pierre-Luc Dubois.
6:20 of 3rd period - Stopped by Brian Elliott with a rebound.
6:22 of 3rd period - Wrist shot by Andre Burakovsky.
6:22 of 3rd period - Stopped by Brian Elliott with a rebound.
6:24 of 3rd period - Slapshot by Adam Larsson.
6:24 of 3rd period - Shot Misses the Net.
6:26 of 3rd period - Wrist shot by Andre Burakovsky.
6:26 of 3rd period - Stopped by Brian Elliott without a rebound.
6:27 of 3rd period - David Kampf wins face-off versus Adam Lowry in Minnesota North Stars zone.
7:01 of 3rd period - Snap shot by Evgeni Malkin.
7:01 of 3rd period - Stopped by Igor Shesterkin with a rebound.
7:17 of 3rd period - Pierre-Luc Dubois is hit by Yegor Sharangovich and loses puck.
8:23 of 3rd period - Snap shot by Nathan MacKinnon.
8:23 of 3rd period - Stopped by Brian Elliott with a rebound.
8:37 of 3rd period - Snap shot by Pierre-Luc Dubois.
8:37 of 3rd period - Shot Misses the Net.
8:39 of 3rd period - Wrist shot by Pierre-Luc Dubois.
8:39 of 3rd period - Shot Misses the Net.
8:41 of 3rd period - Slapshot by Pierre-Luc Dubois.
8:41 of 3rd period - Shot Misses the Net.
8:43 of 3rd period - Snap shot by Andre Burakovsky.
8:43 of 3rd period - Shot Blocked by Gustav Forsling.
8:55 of 3rd period - Conor Garland is hit by Adam Lowry and loses puck.
9:04 of 3rd period - Wrist shot by Viktor Arvidsson.
9:04 of 3rd period - Stopped by Igor Shesterkin without a rebound.
9:05 of 3rd period - Patrice Bergeron wins face-off versus Anthony Duclair in New York Rangers zone.
9:42 of 3rd period - Snap shot by Andre Burakovsky.
9:42 of 3rd period - Stopped by Brian Elliott with a rebound.
10:14 of 3rd period - Snap shot by Conor Sheary.
10:14 of 3rd period - Shot Misses the Net.
10:16 of 3rd period - Snap shot by Andrew Poturalski.
10:16 of 3rd period - Shot Blocked by Mark Giordano.
10:18 of 3rd period - Wrist shot by Conor Sheary.
10:18 of 3rd period - Shot Misses the Net.
10:20 of 3rd period - Wrist shot by Rasmus Dahlin.
10:20 of 3rd period - Shot Misses the Net.
10:22 of 3rd period - Snap shot by Conor Sheary.
10:22 of 3rd period - Shot Blocked by Mark Giordano.
10:48 of 3rd period - Gustav Forsling is hit by Patrice Bergeron.
11:02 of 3rd period - Snap shot by Jonathan Toews.
11:02 of 3rd period - Shot Misses the Net.
11:23 of 3rd period - Mikael Granlund is hit by Zdeno Chara and loses puck.
11:34 of 3rd period - Gustav Forsling is hit by Nathan MacKinnon and loses puck.
11:58 of 3rd period - Off-side.
11:59 of 3rd period - Pierre-Luc Dubois wins face-off versus Evgeni Malkin in neutral zone.
12:28 of 3rd period - Wrist shot by Conor Garland.
12:28 of 3rd period - Stopped by Brian Elliott without a rebound.
12:29 of 3rd period - T.J. Oshie wins face-off versus Jonathan Toews in Minnesota North Stars zone.
13:02 of 3rd period - Off-side.
13:03 of 3rd period - Evgeni Malkin wins face-off versus David Kampf in neutral zone.
13:16 of 3rd period - Slapshot by Anthony Duclair.
13:16 of 3rd period - Stopped by Igor Shesterkin with a rebound.
13:18 of 3rd period - Snap shot by Evgeni Malkin.
13:18 of 3rd period - Stopped by Igor Shesterkin without a rebound.
13:19 of 3rd period - Adam Lowry wins face-off versus Pierre-Luc Dubois in New York Rangers zone.
14:49 of 3rd period - Wrist shot by Blake Wheeler.
14:49 of 3rd period - Stopped by Brian Elliott with a rebound.
15:48 of 3rd period - Evgeni Malkin is hit by Cole Caufield and loses puck.
15:55 of 3rd period - Slapshot by T.J. Oshie.
15:55 of 3rd period - Shot Blocked by Rasmus Dahlin.
16:02 of 3rd period - Icing by Anthony Duclair.
16:03 of 3rd period - Pierre-Luc Dubois wins face-off versus Evgeni Malkin in Minnesota North Stars zone.
16:06 of 3rd period - Snap shot by David Kampf.
16:06 of 3rd period - Shot Misses the Net.
16:08 of 3rd period - Snap shot by Tyler Motte.
16:08 of 3rd period - Shot Misses the Net.
16:10 of 3rd period - Wrist shot by Tyler Motte.
16:10 of 3rd period - Stopped by Brian Elliott with a rebound.
16:12 of 3rd period - Snap shot by Adam Larsson.
16:12 of 3rd period - Stopped by Brian Elliott with a rebound.
16:14 of 3rd period - Snap shot by Adam Larsson.
16:14 of 3rd period - Stopped by Brian Elliott with a rebound.
16:16 of 3rd period - Snap shot by Eric Robinson.
16:16 of 3rd period - Stopped by Brian Elliott without a rebound.
16:17 of 3rd period - Conor Garland wins face-off versus Jonathan Toews in Minnesota North Stars zone.
16:29 of 3rd period - Off-side.
16:30 of 3rd period - Evgeni Malkin wins face-off versus T.J. Oshie in neutral zone.
16:35 of 3rd period - Snap shot by Evgeni Malkin.
16:35 of 3rd period - Stopped by Igor Shesterkin without a rebound.
16:36 of 3rd period - Evgeni Malkin wins face-off versus T.J. Oshie in New York Rangers zone.
16:39 of 3rd period - Wrist shot by Jack Hughes.
16:39 of 3rd period - Goal by Jack Hughes - Minnesota North Stars : 3 - New York Rangers : 2.
16:40 of 3rd period - Adam Lowry wins face-off versus T.J. Oshie in neutral zone.
16:53 of 3rd period - Snap shot by Conor Garland.
16:53 of 3rd period - Deflect By Cole Caufield.
16:53 of 3rd period - Stopped by Brian Elliott with a rebound.
16:55 of 3rd period - Snap shot by T.J. Oshie.
16:55 of 3rd period - Shot Misses the Net.
17:05 of 3rd period - David Kampf is hit by Anthony Duclair.
17:19 of 3rd period - Wrist shot by Jack Hughes.
17:19 of 3rd period - Shot Misses the Net.
17:37 of 3rd period - Slapshot by Nathan MacKinnon.
17:37 of 3rd period - Stopped by Brian Elliott without a rebound.
17:38 of 3rd period - T.J. Oshie wins face-off versus Adam Lowry in Minnesota North Stars zone.
18:25 of 3rd period - David Kampf is hit by Yegor Sharangovich and loses puck.
18:32 of 3rd period - Snap shot by Jonathan Toews.
18:32 of 3rd period - Stopped by Igor Shesterkin without a rebound.
18:33 of 3rd period - Conor Garland wins face-off versus Gustav Nyquist in New York Rangers zone.
18:48 of 3rd period - Snap shot by Gustav Nyquist.
18:48 of 3rd period - Stopped by Igor Shesterkin without a rebound.
18:49 of 3rd period - Bill Peters call a timeout for New York Rangers.
18:49 of 3rd period - Evgeni Malkin wins face-off versus Nathan MacKinnon in New York Rangers zone.
19:02 of 3rd period - New York Rangers, Igor Shesterkin is pulled from the net.
19:20 of 3rd period - Slapshot by Mikael Granlund.
19:20 of 3rd period - Stopped by Brian Elliott with a rebound.
19:22 of 3rd period - Slapshot by Adam Larsson.
19:22 of 3rd period - Goal by Adam Larsson - Minnesota North Stars : 3 - New York Rangers : 3.
19:22 of 3rd period - Igor Shesterkin from New York Rangers was sent back in the game.
19:23 of 3rd period - T.J. Oshie wins face-off versus Adam Lowry in neutral zone.
19:56 of 3rd period - Snap shot by David Kampf.
19:56 of 3rd period - Stopped by Brian Elliott with a rebound.
19:58 of 3rd period - Wrist shot by Tyler Motte.
19:58 of 3rd period - Shot Blocked by Rasmus Dahlin.
Goals for this period are 1 for Minnesota North Stars vs 2 for New York Rangers.
Shots for this period are 13 for Minnesota North Stars vs 20 for New York Rangers.
Overtime #1
0:01 of 1st overtime period - Jonathan Toews wins face-off versus Pierre-Luc Dubois in neutral zone.
0:14 of 1st overtime period - Adam Larsson is hit by Jonathan Toews and loses puck.
0:45 of 1st overtime period - Snap shot by Evgeni Malkin.
0:45 of 1st overtime period - Shot Misses the Net.
1:38 of 1st overtime period - Icing by Alex Goligoski.
1:39 of 1st overtime period - Pierre-Luc Dubois wins face-off versus Andrew Poturalski in Minnesota North Stars zone.
1:40 of 1st overtime period - Slapshot by Blake Wheeler.
1:40 of 1st overtime period - Shot Misses the Net.
1:42 of 1st overtime period - Wrist shot by Blake Wheeler.
1:42 of 1st overtime period - Stopped by Brian Elliott with a rebound.
2:16 of 1st overtime period - Wrist shot by Andre Burakovsky.
2:16 of 1st overtime period - Shot Misses the Net.
2:18 of 1st overtime period - Slapshot by Ryan Lindgren.
2:18 of 1st overtime period - Stopped by Brian Elliott without a rebound.
2:19 of 1st overtime period - Jonathan Toews wins face-off versus Patrice Bergeron in Minnesota North Stars zone.
2:24 of 1st overtime period - Slapshot by Rasmus Dahlin.
2:24 of 1st overtime period - Stopped by Igor Shesterkin without a rebound.
2:25 of 1st overtime period - Patrice Bergeron wins face-off versus Jonathan Toews in New York Rangers zone.
2:59 of 1st overtime period - Snap shot by Evgeni Malkin.
2:59 of 1st overtime period - Stopped by Igor Shesterkin without a rebound.
3:00 of 1st overtime period - Pierre-Luc Dubois wins face-off versus Jonathan Toews in New York Rangers zone.
3:15 of 1st overtime period - Neal Pionk is hit by Pierre-Luc Dubois and loses puck.
3:33 of 1st overtime period - Snap shot by Nathan MacKinnon.
3:33 of 1st overtime period - Stopped by Brian Elliott with a rebound.
3:39 of 1st overtime period - Wrist shot by Nathan MacKinnon.
3:39 of 1st overtime period - Stopped by Brian Elliott without a rebound.
3:40 of 1st overtime period - Gustav Nyquist wins face-off versus T.J. Oshie in Minnesota North Stars zone.
3:55 of 1st overtime period - Snap shot by Viktor Arvidsson.
3:55 of 1st overtime period - Goal by Viktor Arvidsson - Minnesota North Stars : 4 - New York Rangers : 3.
Goals for this period are 1 for Minnesota North Stars vs 0 for New York Rangers.
Shots for this period are 3 for Minnesota North Stars vs 4 for New York Rangers.
Back to the Top